Map: Blueshift LE

Players

Orkyd - Winner!

  • Race: Zerg Zerg
  • League: Bronze
  • Spawn Location: 7:00

ArcSaegic

  • Race: Zerg Zerg
  • Spawn Location: 1:00

VOD

Have the link to the VOD?

Description

Time

  • Played on: Aug. 25, 2018, 1:35 a.m.
  • Length: 5:17
Show
View Real Time Build Order
Export as new Build Order

Orkyd Zerg - Winner!

Build Orders: Hatch First 

Get SALT Encoding   

  12  0:05  Drone  
  13  0:14  Drone  
  13  0:18  Overlord  
  14  0:38  Drone  
  14  0:39  Drone  
  16  0:52  Drone, Hatchery  
  16  1:21  Drone  
  17  1:30  Spawning Pool  
  17  1:32  Drone  
  17  1:37  Extractor  
  17  1:39  Drone  
  17  1:41  Drone  
  18  1:54  Overlord  
  18  2:17  Queen x2  
  22  2:53  Drone  
  23  3:04  Metabolic Boost  
  23  3:06  Drone  
  23  3:08  Drone  
  26  3:12  Drone  
  26  3:15  Drone  
  27  3:21  Drone  
  28  3:34  Baneling Nest  
  27  3:39  Zergling x8  
  31  3:46  Drone  
  31  3:47  Drone  
  33  3:49  Drone x3  
  33  3:52  Overlord  
  36  4:22  Zergling x16  
  44  4:36  Overlord x3  
  44  4:50  Baneling x4  
  44  4:51  Baneling  
Show
View Real Time Build Order
Export as new Build Order

ArcSaegic Zerg 

Build Orders: Hatch First 

Get SALT Encoding   

  12  0:01  Drone  
  13  0:18  Overlord  
  13  0:47  Drone x2  
  15  0:51  Hatchery  
  15  0:53  Drone  
  15  1:10  Spawning Pool  
  14  1:11  Drone  
  15  1:20  Drone x2  
  17  1:40  Drone  
  17  1:46  Extractor  
  17  1:48  Drone  
  17  1:53  Drone  
  19  1:59  Extractor  
  18  2:01  Queen  
  18  2:03  Zergling x2  
  21  2:12  Drone  
  22  2:16  Zergling x2  
  22  2:21  Drone  
  24  2:25  Drone  
  25  2:34  Drone  
  26  2:38  Drone x2  
  26  2:43  Roach Warren  
  27  2:46  Drone  
  28  2:57  Overlord  
  28  3:10  Evolution Chamber  
  27  3:13  Zergling x2  
  28  3:28  Roach x2  
  28  3:29  Zergling x6  
  35  3:34  Extractor  
  35  3:36  Drone  
  34  3:51  Zergling x2  
  34  3:53  Overlord  
  35  4:06  Overlord  
  35  4:20  Drone  
  35  4:21  Drone x3  
  39  4:27  Ravager  
  40  4:37  Zergling x4, Roach  
  44  4:43  Ravager  
  45  4:48  Drone  
Tags
 
League
Bronze
Matchup
ZvZ
Race
Zerg
Spawn Locations
Cross Positions
Add a new tag
Caveats
  • Supply blocks, unpowered buildings, or Contaminate may cause inaccurate times.
  • Supply counts are checked every 10 seconds.